 Dungeon Crawl Stone Soup version 0.29.1-2-gbd0b4ee654 (webtiles) character file.

Game seed: 9717403361055137021

168 dan0san the Shield-Bearer (level 5, -6/33 HPs)
             Began as a Gargoyle Fighter on Nov 3, 2022.
             Was a Believer of Elyvilon.
             Mangled by an orc priest
             ... wielding a +0 flail
              (9 damage)
             ... on level 2 of the Dungeon.
             The game lasted 00:14:04 (2414 turns).

dan0san the Shield-Bearer (Gargoyle Fighter)        Turns: 2414, Time: 00:14:05

Health: -6/33      AC: 13    Str: 21    XL:     5   Next: 48%
Magic:  5/5        EV:  9    Int:  9    God:    Elyvilon [**....]
Gold:   129        SH:  4    Dex:  9    Spells: 4/4 levels left

rFire   . . .      SeeInvis .   a - +0 flail
rCold   . . .      Faith    .   c - +0 buckler
rNeg    + . .      Spirit   .   b - +0 scale mail
rPois   ∞          Reflect  .   (no helmet)
rElec   +          Harm     .   j - +0 cloak
rCorr   .          Rampage  .   g - +0 pair of gloves
Will    .....                   (no boots)
Stlth   ..........              (no amulet)
HPRegen 0.11/turn               (no ring)
MPRegen 0.09/turn               (no ring)

@: no status effects
A: sickness immunity, AC +4, negative energy resistance 1, electricity
resistance, torment resistance 1, petrification resistance
a: Renounce Religion, Purification, Heal Other


You were on level 2 of the Dungeon.
You worshipped Elyvilon.
Elyvilon was pleased with you.
You visited 1 branch of the dungeon, and saw 3 of its levels.

You collected 129 gold pieces.

Inventory:

Hand Weapons
 a - a +0 flail (weapon)
 k - a +0 mace
 m - a +2 dagger of flaming
Armour
 b - a +0 scale mail (worn)
 c - a +0 buckler (worn)
 g - a +0 pair of gloves (worn)
 j - a +0 cloak (worn)
Jewellery
 n - a ring of positive energy
Scrolls
 f - 3 scrolls of identify
 h - a scroll of fog
 l - a scroll of blinking
 p - a scroll of enchant weapon {unknown}
Potions
 d - a potion of magic {unknown}
 i - 2 potions of mutation
 o - a potion of heal wounds {unknown}
 q - a potion of invisibility {unknown}
 r - a potion of curing {unknown}


   Skills:
 + Level 3.9 Fighting
 + Level 3.5 Maces & Flails
 + Level 4.1 Armour
 + Level 0.2 Dodging
 + Level 1.4 Stealth
 + Level 4.2 Shields


You had 4 spell levels left.
You didn't know any spells.
Your spell library contained the following spells:

 Spells                   Type           Power      Damage    Failure   Level
 Magic Dart               Conj           0%         1d3       80%         1
 Shock                    Conj/Air       0%         1d3       80%         1
 Call Imp                 Summ           0%         N/A       91%         2
 Conjure Flame            Conj/Fire      0%         6-21      99%         3
 Ignite Poison            Fire/Tmut/Pois 0%         N/A       99%         3
 Mephitic Cloud           Conj/Pois/Air  0%         N/A       99%         3
 Swiftness                Air            0%         N/A       99%         3
 Airstrike                Air            0%         2d(0-16)  100%        4
 Sticky Flame             Conj/Fire      0%         2d3       100%        4
 Borgnjor's Revivificati  Necr           0%         N/A       100%        8
 Necromutation            Tmut/Necr      0%         N/A       100%        8
 Death's Door             Necr           0%         N/A       100%        9


Dungeon Overview and Level Annotations

Branches:
Dungeon (3/15)

Altars:
Elyvilon


Innate Abilities, Weirdness & Mutations

You are immune to sickness and miasma.
Your stone body is resilient. (AC +4)
You are immune to poison.
You resist negative energy. (rN+)
You are resistant to electric shocks. (rElec)
You are resistant to unholy torment.
You are immune to petrification.


Message History

The orc hits you with a +0 club.
* * * LOW HITPOINT WARNING * * *
The orc attacks as you move away! The orc hits you but does no damage.
The orc attacks as you move away! The orc hits you but does no damage.
You're too confused to move!
You feel less confused. You block the orc priest's attack.
Press: ? - help, Dir - move target, f - you Sorry, you can't target yourself.
The orc priest attacks as you move away!
The orc priest barely misses you.
There is a stone staircase leading up here.
The orc priest calls down the wrath of Beogh upon you.
Beogh smites you! Elyvilon protects you from harm!
You climb upwards.
There is a stone staircase leading down here.
The orc priest hits you with a +0 flail!
Elyvilon protects you from harm!
You completely miss the orc priest.
The orc priest hits you with a +0 flail.
* * * LOW HITPOINT WARNING * * *
The orc priest calls down the wrath of Beogh upon you.
Pain shoots through your body!
* * * LOW HITPOINT WARNING * * *
Okay, then.
You don't know any spells.
You barely miss the orc priest.
The orc priest hits you but does no damage.
You barely miss the orc priest.
The orc priest mumbles some strange prayers to Beogh against you.
Pain shoots through your body!
* * * LOW HITPOINT WARNING * * *
You closely miss the orc priest.
The orc priest looks encouraged for a moment.
The orc priest barely misses you.
You sock the orc priest!
The orc priest is severely wounded.
The orc priest hits you with a +0 flail!
You die...

...########.######.....#
##.### #.# ##....# .....# #.#
#....# ..##.######.### #....#
..............# #....#
.####..###....# #....# .# ##.#
###..########## .# #.###
#.......# .#####...#####..@o>#
....####....###....#
.##.....###...######
..#####>......################
#..##########................#
...............####).........#
####.########.†).............#
###..#### ##.####..........#
#.......# #.# #.........<#


You could see an orc priest.

Vanquished Creatures
  Terence (D:2)
  Natasha (twice) (D:3)
  3 adders
  A dart slug (D:1)
  2 orcs (D:3)
  4 ball pythons
  4 endoplasms
  3 giant cockroaches
  6 goblins
  4 hobgoblins
  6 jackals
  7 kobolds
  4 quokkas
  7 bats
  4 frilled lizards
  A rat (D:3)
59 creatures vanquished.

Notes
Turn   | Place    | Note
-------+----------+-------------------------------------------
     0 | D:1      | dan0san the Gargoyle Fighter began the quest for the Orb.
     0 | D:1      | Reached XP level 1. HP: 14/14 MP: 1/1
   106 | D:1      | Reached XP level 2. HP: 18/19 MP: 2/2
   419 | D:1      | Found a faded altar of an unknown god.
   431 | D:1      | Prayed at the altar of an unknown god.
   431 | D:1      | Became a worshipper of Elyvilon the Healer
   431 | D:1      | Reached * piety under Elyvilon
   473 | D:1      | Reached XP level 3. HP: 22/23 MP: 3/3
  1015 | D:2      | Noticed Terence
  1032 | D:2      | Killed Terence
  1033 | D:2      | Reached XP level 4. HP: 27/29 MP: 4/4
  1063 | D:2      | Reached ** piety under Elyvilon
  1666 | D:3      | Elyvilon protects you from harm!
  1699 | D:2      | Reached skill level 1 in Stealth
  2073 | D:3      | Noticed Natasha
  2082 | D:3      | Killed Natasha
  2083 | D:3      | Reached XP level 5. HP: 27/33 MP: 5/5
  2210 | D:3      | Noticed Natasha
  2215 | D:3      | Killed Natasha
  2406 | D:3      | Elyvilon protects you from harm!
  2408 | D:2      | Elyvilon protects you from harm!
  2414 | D:2      | Mangled by an orc priest

Illustrated notes

Levels and vault maps discovered:
D:1:      dpeg_arrival_morbid_curiosity, layout_basic, basic_ecumenical_altar
D:2:      layout_rooms, minmay_cut_off, uniq_terence
D:3:      layout_loops_cross, uniq_natasha

Skill      XL: |  1  2  3  4 |
---------------+-------------+-----
Maces & Flails | 3 |  3.5
Armour         | 4 |  4.1
Stealth        | 1 |  1.4
Shields        | 4 |  4.2
Fighting       | |  3.9
Dodging        | |  0.2

Action                   |  1- 3 |  4- 6 || total
-------------------------+-------+-------++-------
Melee: Flail             |    96 |   134 ||   230
  Use: Potion            |     1 |       ||     1
       Scroll            |     1 |     3 ||     4
Armor: Scale mail        |    68 |   107 ||   175
Dodge: Dodged            |    51 |    81 ||   132
Block: Buckler           |    20 |    29 ||    49
